Map: Orbital Shipyard

Players

intense

  • Race: Terran Terran
  • League: Grandmaster

Neeb - Winner!

  • Race: Protoss Protoss
  • League: Grandmaster

VOD

Have the link to the VOD?

Description

Time

  • Played on: Feb. 13, 2016, 6:37 p.m.
  • Length: 11:11
Show
View Real Time Build Order
Export as new Build Order

intense Terran 

Build Orders: Reaper Expand, MMM Bio 

Get SALT Encoding   

  12  0:00  SCV  
  13  0:13  SCV  
  14  0:17  Supply Depot  
  14  0:25  SCV  
  15  0:39  SCV  
  15  0:41  Barracks  
  16  0:44  Refinery  
  16  0:51  SCV  
  17  1:03  SCV  
  18  1:15  SCV  
  19  1:27  Orbital Command  
  19  1:28  Reaper  
  20  1:40  Command Center  
  20  1:50  Supply Depot  
  20  1:53  SCV  
  21  2:00  Marine  
  22  2:05  SCV  
  23  2:15  Factory  
  23  2:17  SCV  
  23  2:21  Barracks Reactor  
  24  2:29  SCV  
  25  2:36  Command Center  
  25  2:43  SCV  
  26  2:53  Orbital Command  
  26  2:56  SCV  
  26  2:58  Marine x2  
  27  3:01  Factory Tech Lab  
  29  3:08  SCV  
  30  3:16  Marine x2  
  32  3:20  SCV x2  
  37  3:27  Cyclone  
  37  3:29  Refinery  
  37  3:32  SCV x2  
  37  3:34  Marine x2  
  40  3:42  Supply Depot  
  40  3:44  SCV x2  
  42  3:49  Orbital Command  
  42  3:56  SCV x2  
  42  3:57  Barracks  
  42  3:59  Barracks  
  44  4:08  SCV x2  
  44  4:09  Refinery, Factory Tech Lab  
  46  4:10  Refinery  
  46  4:11  Stimpack  
  46  4:15  SCV  
  48  4:20  SCV, Marauder  
  48  4:21  SCV  
  51  4:27  SCV  
  51  4:30  Engineering Bay  
  52  4:31  Engineering Bay  
  52  4:32  SCV  
  52  4:34  Bunker  
  52  4:35  SCV  
  54  4:40  SCV  
  54  4:44  Marauder  
  57  4:46  SCV  
  57  4:48  SCV  
  57  4:49  Marine  
  57  4:50  Marine  
  61  4:53  Marauder, Combat Shields  
  61  4:57  SCV  
  61  4:58  SCV  
  65  5:02  Missile Turret  
  65  5:04  Missile Turret  
  65  5:07  SCV  
  66  5:08  Marine  
  66  5:09  SCV, Marine  
  69  5:16  SCV  
  69  5:18  Missile Turret  
  69  5:19  SCV  
  68  5:22  Marauder  
  68  5:23  SCV  
  68  5:34  Missile Turret  
  65  5:36  Marine  
  65  5:39  SCV x2  
  65  5:42  Terran Infantry Weapons Level 1, Terran Infantry Armor Level 1  
  65  5:44  Marine  
  65  5:45  Marauder  
  68  5:53  Marine  
  67  5:57  Supply Depot  
  67  5:58  Supply Depot  
  64  6:18  SCV x3  
  64  6:19  Starport, Marauder  
  64  6:20  Marauder  
  71  6:27  Barracks Reactor  
  71  6:30  SCV x3  
  74  6:33  Missile Turret  
  74  6:39  Factory Reactor  
  74  6:40  Marauder  
  74  6:43  SCV  
  74  6:45  Supply Depot  
  74  6:47  Marauder, SCV  
  81  6:53  Orbital Command  
  80  6:55  SCV  
  80  6:59  SCV  
  82  7:04  Barracks  
  82  7:05  Barracks, Marine x2  
  82  7:07  Marauder, SCV  
  87  7:11  SCV  
  88  7:19  SCV x2  
  90  7:23  SCV  
  93  7:32  Factory Tech Lab  
  93  7:34  Missile Turret  
  93  7:38  SCV x3  
  93  7:39  Supply Depot x2  
  93  7:43  Medivac x2  
  98  7:45  Barracks  
  98  7:47  Barracks  
  98  7:48  Armory  
  98  7:49  Marauder, Marine  
  101  8:00  Siege Tank, SCV x2, Marine  
  101  8:01  Supply Depot, Marauder, SCV  
  101  8:02  Supply Depot  
  110  8:12  SCV, Marauder, Marine  
  113  8:13  SCV x2  
  113  8:16  Liberator  
  113  8:17  Liberator  
  113  8:18  Marine  
  117  8:22  Supply Depot  
  117  8:23  Marauder  
  117  8:25  Supply Depot, SCV x3  
  124  8:32  Siege Tank  
  128  8:37  SCV  
  132  8:46  Marauder x2, Marine x2  
  132  8:47  Concussive Shells  
  132  8:48  Barracks Tech Lab, Barracks Reactor  
  138  8:54  SCV  
  141  9:05  Siege Tank  
  141  9:08  Refinery  
  142  9:11  Marine x2  
  142  9:12  Refinery, Marauder x2  
  142  9:16  Supply Depot  
  148  9:18  Supply Depot x2  
  148  9:19  Supply Depot  
  148  9:20  Liberator x2  
  148  9:29  Marine  
  149  9:35  Missile Turret x2  
  149  9:37  Missile Turret, Marine  
  156  9:39  Marine x2  
  156  9:40  Missile Turret, Marauder x3  
  156  9:41  Missile Turret  
  164  9:48  Missile Turret  
  164  9:52  Siege Tank  
  167  9:57  Marine  
  168  10:01  Marauder x3  
  168  10:03  Liberator x2  
  174  10:12  Supply Depot x2  
  174  10:13  Supply Depot  
  180  10:32  Marine  
  180  10:33  Marauder x3, Marine  
  180  10:35  Supply Depot  
  188  10:38  Supply Depot  
  188  10:39  Supply Depot x2  
Show
View Real Time Build Order
Export as new Build Order

Neeb Protoss - Winner!

Build Orders: 1 Gate Expand, Dark Templar Rush 

Get SALT Encoding   

  12  0:00  Probe (Chrono Boost)  
  13  0:11  Probe (Chrono Boost)  
  14  0:16  Pylon  
  14  0:22  Probe (Chrono Boost)  
  15  0:35  Gateway, Probe (Chrono Boost)  
  16  0:45  Probe (Chrono Boost)  
  17  0:52  Assimilator  
  17  0:56  Probe (Chrono Boost)  
  18  1:06  Probe (Chrono Boost)  
  19  1:17  Nexus  
  19  1:20  Probe (Chrono Boost)  
  20  1:29  Cybernetics Core  
  20  1:33  Probe (Chrono Boost)  
  20  1:38  Assimilator  
  21  1:43  Probe (Chrono Boost)  
  22  1:47  Pylon  
  23  1:54  Probe (Chrono Boost)  
  23  2:05  Warp Gate, Probe (Chrono Boost)  
  23  2:06  Adept (Chrono Boost)  
  26  2:17  Probe  
  27  2:28  Probe (Chrono Boost)  
  32  2:30  Mothership Core (Chrono Boost), Adept (Chrono Boost)  
  32  2:40  Probe (Chrono Boost)  
  33  2:45  Robotics Facility  
  33  2:49  Probe (Chrono Boost)  
  33  2:50  Probe (Chrono Boost)  
  35  3:00  Probe (Chrono Boost)  
  35  3:01  Probe (Chrono Boost)  
  35  3:03  Twilight Council  
  37  3:09  Pylon  
  37  3:10  Probe (Chrono Boost)  
  37  3:12  Probe (Chrono Boost)  
  39  3:21  Probe (Chrono Boost)  
  39  3:22  Probe (Chrono Boost)  
  41  3:31  Probe x2 (Chrono Boost)  
  41  3:32  Gateway  
  41  3:33  Gateway, Observer (Chrono Boost)  
  44  3:41  Probe  
  44  3:43  Probe  
  44  3:47  Dark Shrine  
  46  3:49  Assimilator  
  46  3:52  Probe  
  46  3:54  Assimilator  
  46  3:55  Probe, Warp Prism (Chrono Boost)  
  50  3:59  Pylon  
  50  4:02  Probe  
  50  4:06  Pylon  
  50  4:07  Probe  
  52  4:13  Probe  
  53  4:19  Probe  
  53  4:23  Probe  
  54  4:27  Observer (Chrono Boost)  
  56  4:31  Probe  
  56  4:34  Nexus, Probe  
  56  4:35  Pylon  
  58  4:44  Probe  
  58  4:45  Probe  
  59  4:49  Observer (Chrono Boost)  
  61  4:53  Pylon  
  61  4:55  Probe  
  61  4:56  Probe  
  61  4:59  Dark Templar x3  
  69  5:04  Pylon  
  69  5:07  Blink, Pylon, Probe  
  69  5:08  Probe  
  71  5:18  Probe  
  71  5:20  Probe  
  73  5:28  Probe  
  71  5:32  Dark Templar x2, Probe  
  77  5:39  Probe  
  76  5:44  Probe x2  
  76  5:47  Assimilator  
  76  5:49  Probe  
  78  5:52  Assimilator  
  78  5:55  Probe  
  78  5:56  Immortal (Chrono Boost), Probe  
  83  5:58  Forge x2  
  83  5:59  Sentry  
  83  6:00  Probe  
  86  6:05  Probe  
  86  6:08  Probe  
  86  6:10  Probe  
  86  6:16  Probe  
  88  6:20  Probe  
  88  6:21  Probe  
  88  6:28  Immortal (Chrono Boost)  
  88  6:30  Pylon  
  88  6:31  Protoss Ground Armor Level 1 (Chrono Boost), Protoss Ground Weapons Level 1 (Chrono Boost)  
  88  6:32  Dark Templar, Probe  
  95  6:35  Sentry  
  97  6:42  Gateway  
  97  6:44  Gateway x2  
  97  6:45  Gateway  
  97  6:47  Gateway  
  97  6:48  Pylon  
  97  6:50  Pylon  
  97  6:52  Pylon  
  97  7:03  Robotics Bay, Pylon  
  97  7:04  Observer  
  97  7:08  Pylon, Charge  
  98  7:11  Zealot x2  
  98  7:12  Zealot  
  102  7:26  Observer  
  103  7:34  Nexus  
  103  7:35  Probe x2  
  103  7:36  Pylon, Probe  
  106  7:37  Pylon  
  106  7:40  Stalker x6  
  106  7:41  Stalker x2  
  106  7:43  Colossus  
  128  7:55  Assimilator  
  128  8:01  Assimilator  
  128  8:02  Extended Thermal Lance  
  128  8:04  Photon Cannon  
  128  8:06  Photon Cannon  
  128  8:14  Stalker x3  
  134  8:29  Protoss Ground Armor Level 2 (Chrono Boost)  
  134  8:30  Colossus  
  134  8:39  Photon Cannon  
  140  8:47  Protoss Ground Weapons Level 2 (Chrono Boost)  
  140  8:56  Zealot x8  
  140  9:02  Gateway  
  156  9:03  Gateway  
  156  9:05  Gateway  
  156  9:07  Pylon  
  156  9:08  Gateway  
  156  9:13  Templar Archives  
  156  9:17  Colossus  
  156  9:29  Stalker x2  
  156  9:30  Stalker x5  
  175  9:33  Stalker  
  183  10:28  High Templar x5  
  189  10:29  High Templar, Zealot x2  
  189  10:32  Archon  
  189  10:33  Archon  
  189  10:35  Archon  
  199  10:39  Zealot x3  
  183  10:57  Zealot x3  
  183  10:59  Zealot x3  
  183  11:00  Zealot x3  
  187  11:05  Zealot x3  
Tags
 
Add a new tag
Caveats
  • Supply blocks, unpowered buildings, or Contaminate may cause inaccurate times.
  • Supply counts are checked every 10 seconds.